 Dungeon Crawl Stone Soup version 0.18.1-50-g88ac8fd (webtiles) character file.

77 Monkfish the Cutter (level 4, -6/29 HPs)
             Began as a Kobold Berserker on Oct 23, 2016.
             Was a Believer of Trog.
             Mangled by an orc
             ... wielding a +0 flail
              (8 damage)
             ... on level 3 of the Dungeon.
             The game lasted 00:03:42 (2401 turns).

Monkfish the Cutter (Kobold Berserker)              Turns: 2401, Time: 00:03:43

Health: -6/29      AC:  2    Str: 15    XL:     4   Next: 58%
Magic:  4/4        EV: 14    Int:  5    God:    Trog [**....]
Gold:   54         SH:  6    Dex: 16    Spells: 0 memorised, 3 levels left

rFire  . . .     SeeInvis .     a - +0 short sword
rCold  . . .     Gourm    .     b - +0 animal skin
rNeg   . . .     Faith    .     j - +2 buckler
rPois  .         Spirit   .     (no helmet)
rElec  .         Dismiss  .     (no cloak)
rCorr  .         Reflect  .     (no gloves)
SustAt .         Harm     .     (no boots)
MR     .....                    (no amulet)
Stlth  +++.......               (no ring)
                                f - ring of stealth

@: exhausted, hasted and slowed, not resistant to hostile enchantments, fairly
stealthy
A: carnivore 3
a: Berserk, Trog's Hand, Burn Spellbooks, Renounce Religion


You were on level 3 of the Dungeon.
You worshipped Trog.
Trog was pleased with you.
You were hungry.

You visited 1 branch of the dungeon, and saw 3 of its levels.

You collected 54 gold pieces.

Inventory:

Hand Weapons
 a - a +0 short sword (weapon)
Armour
 b - a +0 animal skin (worn)
 j - a +2 buckler (worn)
Jewellery
 f - a ring of stealth (left hand)
Potions
 e - a potion of heal wounds
Comestibles
 c - 2 meat rations
 d - a beef jerky


   Skills:
 + Level 4.2 Fighting
 + Level 4.9 Short Blades
 - Level 1.5 Armour
 - Level 2.4 Dodging
 * Level 2.8 Stealth
 * Level 0.1 Shields


You had 3 spell levels left.
You didn't know any spells.

Dungeon Overview and Level Annotations

Branches:
Dungeon (3/15)

Altars:
Kikubaaqudgha


Innate Abilities, Weirdness & Mutations

You are small and have problems with some larger weapons.
You are carnivorous and can eat meat at any time.


Message History

Something hits you.
You're too confused!
You hit the orc.
The orc is heavily wounded.
The orc misses you. x2; Something barely misses you.
The orc hits you with a dagger. The orc closely misses you.
You miss the orc.
The orc is heavily wounded.
Something hits you. The orc hits you but does no damage. x2
Something hits you.
You bump into the rock wall.
You feel less confused. The orc hits you with a dagger. Something hits you.
* * * LOW HITPOINT WARNING * * *
The orc misses you. The orc hits you but does no damage.
Drink which item? (? for menu, Esc to quit)
You feel yourself speed up. Something hits you.
* * * LOW HITPOINT WARNING * * *
The orc hits you with a flail!
You die...

......o... ...........
........#'## #.......#
#.(.....##########
#.......##.......#
#.......##.......#
#.....oo##.......#######
#......@##..............
#.......{...............
#.......#).....%........
#.......#...............
#########.............).
#...................
#.####.............. #.#
#.............. #.#
##'############


You could see 2 orcs.

Vanquished Creatures
  2 adders (D:2)
  3 dart slugs
  A giant gecko (D:2)
  3 orcs (D:3)
  A ball python (D:2)
  6 bats
  A giant cockroach (D:1)
  3 goblins (D:2)
  9 hobgoblins
  4 jackals (D:1)
  A quokka (D:2)
  3 giant newts
  3 kobolds
  6 rats
46 creatures vanquished.

Notes
Turn   | Place    | Note
--------------------------------------------------------------
     0 | D:1      | Monkfish the Kobold Berserker began the quest for the Orb.
     0 | D:1      | Reached XP level 1. HP: 14/14 MP: 1/1
    35 | D:1      | Reached skill level 1 in Stealth
   247 | D:1      | Reached XP level 2. HP: 19/19 MP: 2/2
   781 | D:1      | Reached XP level 3. HP: 20/24 MP: 3/3
   850 | D:1      | Reached ** piety under Trog
  1104 | D:2      | Found an ancient bone altar of Kikubaaqudgha.
  1398 | D:2      | Reached XP level 4. HP: 22/29 MP: 4/4
  2401 | D:3      | Mangled by an orc

Skill      XL: |  1  2  3 |
---------------+----------+-----
Stealth        | 1 2 |  2.8
Fighting       | 4 |  4.2
Short Blades   | |  4.9
Armour         | |  1.5
Dodging        | |  2.4
Shields        | |  0.1

Action                   |  1- 3 |  4- 6 || total
-------------------------+-------+-------++-------
Melee: Short sword       |   102 |    62 ||   164
Invok: Berserk           |     1 |     1 ||     2
  Use: Scroll            |     3 |     4 ||     7
       Potion            |     2 |     2 ||     4
 Stab: Sleeping          |     3 |     3 ||     6
  Eat: Chunk             |     6 |       ||     6
Armor: Animal skin       |    20 |     8 ||    28
Dodge: Dodged            |    71 |    32 ||   103
Block: Buckler           |       |    16 ||    16
